 Dungeon Crawl Stone Soup version 0.26.1-2-gb8aa6d0cf2 (webtiles) character file.

Game seed: 10141143138902947499

1002 KittyFluff the Quickloader (level 8, -10/48 HPs)
             Began as a Gargoyle Hunter on Feb 9, 2021.
             Was an Initiate of Trog.
             Mangled by an orc warrior
             ... wielding a +0 glaive
              (18 damage)
             ... on level 6 of the Dungeon.
             The game lasted 00:28:17 (5280 turns).

KittyFluff the Quickloader (Gargoyle Hunter)        Turns: 5280, Time: 00:28:18

Health: -10/48     AC: 12    Str: 16    XL:     8   Next: 20%
Magic:  8/8        EV: 12    Int: 12    God:    Trog [......]
Gold:   319        SH:  0    Dex: 12    Spells: 7/7 levels left

rFire    . . .     SeeInvis .   b - +0 mace
rCold    . . .     Faith    .   (no shield)
rNeg     + . .     Spirit   .   c - +0 leather armour
rPois    ∞         Reflect  .   F - +0 hat
rElec    +         Harm     .   E - +2 cloak
rCorr    .         Rampage  .   (no gloves)
Will     .....                  (no boots)
Stlth    ++........             (no amulet)
HPRegen  0.16/turn              o - +4 ring of slaying
MPRegen  0.11/turn              (no ring)

@: no status effects
A: negative energy resistance 1, electricity resistance, unbreathing,
petrification resistance, miasma immunity, AC +5
a: Renounce Religion


You were on level 6 of the Dungeon.
You worshipped Trog.
Trog was noncommittal.
You visited 2 branches of the dungeon, and saw 7 of its levels.

You collected 319 gold pieces.

Inventory:

Hand Weapons
 a - a +1 hand crossbow
 b - a +0 mace (weapon)
 k - a +0 short sword
 m - a +0 hunting sling
 y - a +0 whip
Missiles
 d - 68 bolts
 e - 3 javelins
 f - 83 sling bullets
 i - 149 arrows
 C - 8 boomerangs
Armour
 c - a +0 leather armour (worn)
 E - a +2 cloak (worn)
 F - a +0 hat (worn)
 I - a +1 scale mail of cold resistance
Jewellery
 o - a +4 ring of slaying (left hand)
Wands
 t - a wand of acid (5)
 x - a wand of polymorph (12)
Scrolls
 g - a scroll of remove curse
 n - 2 scrolls of enchant armour
 p - a scroll of magic mapping {unknown}
 r - 2 scrolls of blinking
 s - a scroll of fog
 v - a scroll of identify
 w - a scroll of teleportation
 G - a scroll of enchant weapon {unknown}
Potions
 h - 3 potions of heal wounds
 j - 3 potions of curing
 l - a potion of flight {unknown}
 q - a potion of haste {unknown}
 u - a potion of might {unknown}
 z - 2 potions of lignification {unknown}
 A - 2 potions of mutation {unknown}
 B - 2 potions of berserk rage {unknown}
 D - 2 potions of brilliance {unknown}
 H - a potion of magic {unknown}


   Skills:
 + Level 4.9 Fighting
 + Level 8.1 Crossbows
 * Level 3.7 Armour
 + Level 1.8 Dodging
 + Level 2.6 Stealth


You had 7 spell levels left.
You didn't know any spells.
Your spell library contained the following spells:

 Spells                   Type           Power        Failure   Level
 Confusing Touch          Hex            0%           75%         3
 Gell's Gravitas          Tloc           0%           75%         3
 Petrify                  Tmut/Erth      0%           98%         4
 Metabolic Englaciation   Hex/Ice        0%           100%        5
 Yara's Violent Unravell  Hex/Tmut       0%           100%        5


Dungeon Overview and Level Annotations

Branches:
Dungeon (6/15)             Temple (1/1) D:5

Altars:
Ashenzari
Cheibriados
Dithmenos
Elyvilon
Fedhas
Hepliaklqana
Makhleb
Okawaru
Qazlal
Ru
Sif Muna
Trog
Uskayaw
Vehumet
Wu Jian
Xom
Yredelemnul
Zin
The Shining One


Innate Abilities, Weirdness & Mutations

You are resistant to torment.
Your stone body is resilient. (AC +5)
You are immune to poison.
You resist negative energy. (rN+)
You are resistant to electric shocks. (rElec)
You can survive without breathing.
You are immune to petrification.
You are immune to miasma.


Message History

You hit the centaur.
The centaur is moderately wounded.
The centaur unwields a +0 shortbow.
The centaur closely misses you.
You sock the centaur!
The centaur is severely wounded.
The centaur barely misses you. The centaur hits you.
The orc warrior hits you from afar with a +0 glaive!
* * * LOW HITPOINT WARNING * * *
The centaur barely misses you.
You hit the centaur but do no damage.
The centaur is severely wounded.
The centaur barely misses you.
The orc warrior hits you from afar with a +0 glaive.
* * * LOW HITPOINT WARNING * * *
The centaur closely misses you.
You hit the centaur.
The centaur is almost dead.
The centaur closely misses you.
The orc warrior hits you from afar with a +0 glaive!!
You die...

.. #..... .# ... #.....
g####.# #..... .#.
.#....## #.....
...#####...#... ####.....
+....g'##...# #........
#...#o# #.#.###......##
#..o.c###....##..###.##
...#...#@..#.......# #..#
#.......#.....##..###..#
..#.......#...###........
#...#####...### #......##
#### ##### ########


You could see an orc warrior, a centaur, an orc wizard (fast) and a gnoll.

Vanquished Creatures
  Menkaure (D:5)
  A water moccasin (D:5)
  2 ice beasts
  A phantom (D:5)
  A scorpion (D:4)
  A crimson imp (D:5)
  A hound (D:4)
  An orc wizard (D:6)
  A bullfrog skeleton (D:5)
  2 iguanas
  4 worker ants (D:4)
  A hound skeleton (D:4)
  4 gnolls (D:3)
  6 adders
  2 white imps
  An ooze (D:2)
  3 worms
  2 dart slugs (D:2)
  2 leopard geckos
  6 orcs
  7 giant cockroaches
  2 goblins (D:1)
  4 hobgoblins
  3 quokkas
  A ball python (D:4)
  7 bats
  6 frilled lizards
  6 kobolds
  6 rats
85 creatures vanquished.

Notes
Turn   | Place    | Note
-------+----------+-------------------------------------------
     0 | D:1      | KittyFluff the Gargoyle Hunter began the quest for the Orb.
     0 | D:1      | Reached XP level 1. HP: 12/12 MP: 1/1
   479 | D:1      | Reached XP level 2. HP: 17/17 MP: 2/2
   997 | D:2      | Reached XP level 3. HP: 22/22 MP: 3/3
  1129 | D:2      | Found a shadowy altar of Dithmenos.
  1529 | D:2      | Found a burning altar of Makhleb.
  1529 | D:2      | Found an ornate altar of the Wu Jian Council.
  2387 | D:3      | Reached skill level 5 in Crossbows
  2463 | D:3      | Reached XP level 4. HP: 27/27 MP: 4/4
  2638 | D:3      | Reached skill level 1 in Armour
  2949 | D:3      | Reached XP level 5. HP: 32/32 MP: 5/5
  3112 | D:3      | Found an iron altar of Okawaru.
  3161 | D:4      | Found a basalt altar of Yredelemnul.
  3254 | D:4      | Reached skill level 6 in Crossbows
  3287 | D:4      | Reached XP level 6. HP: 34/37 MP: 6/6
  3770 | D:5      | Entered Level 5 of the Dungeon
  4151 | D:5      | Noticed an ice beast
  4158 | D:5      | Killed an ice beast
  4159 | D:5      | Reached XP level 7. HP: 43/43 MP: 7/7
  4163 | D:5      | Noticed Menkaure
  4167 | D:5      | Killed Menkaure
  4168 | D:5      | Reached skill level 7 in Crossbows
  4491 | D:5      | Found a staircase to the Ecumenical Temple.
  4619 | Temple   | Entered the Ecumenical Temple
  4659 | Temple   | Became a worshipper of Trog the Wrathful
  4801 | D:5      | Reached XP level 8. HP: 46/48 MP: 8/8
  4891 | D:5      | Found a sacrificial altar of Ru.
  4951 | D:6      | Found a broken altar of Ashenzari.
  4951 | D:6      | Found a shimmering altar of Xom.
  5215 | D:6      | Reached skill level 8 in Crossbows
  5280 | D:6      | Mangled by an orc warrior

Illustrated notes

Levels and vault maps discovered:
D:1:      dpeg_arrival_solitude, layout_basic, grunt_decor_junction
D:2:      layout_basic, marbit_many_paths, grunt_dithmenos_smoke_and_mirrors,
          gammafunk_temple_overflow_elements
D:3:      layout_basic, kennysheep_okawaru_gauntlet
D:4:      layout_basic, yredelemnul_altar_generic
D:5:      layout_loops_ring, lemuel_crystal_altar, minmay_temple_entry_tees,
          minmay_fire_ice_demons, uniq_menkaure
D:6:      layout_loops_cross, chequers_temple_overflow_statue_of_worship,
          minmay_fractal_squares_diagonal_5
Temple:   minmay_temple_bridge_abc

Skill      XL: |  1  2  3  4  5  6  7  8 |
---------------+-------------------------+-----
Crossbows      | 5 6 7 8 |  8.1
Armour         | 1 2 3 |  3.7
Fighting       | 3 4 |  4.9
Stealth        | 2 |  2.6
Dodging        | |  1.8

Action                   |  1- 3 |  4- 6 |  7- 9 || total
-------------------------+-------+-------+-------++-------
Melee: Mace              |       |       |     7 ||     7
 Fire: Hand crossbow     |    74 |    91 |    33 ||   198
  Use: Scroll            |       |     9 |       ||     9
Armor: Leather armour    |    17 |    13 |     6 ||    36
Dodge: Dodged            |    13 |    15 |    14 ||    42
